AoeStats
← CoMemory

Arena

514144703Analyzed
1v1 RM · 6h ago on Oct 16, 2026· 37m 5s· 2 players
Game mode
Random Map
Map size
Tiny (2 player)
Population
200
Speed
Normal
Resources
Standard
Victory
Conquest
Starting age
Dark Age
Ending age
Imperial Age
RankedLock teamsTeams togetherTeam positionsShared explorationLock speedFull tech treeHidden civsTurbo modeCheats
Victory
Defeat
🇵🇪 Cumans · Peru
1670
+12
vs
🇺🇸 Poles · United States
1589
-12
CoMemory
8:26 Feudal Age
9:07 Double-Bit Axe
9:03 Horse Collar
10:17 Loom
19:54 Gold Mining
22:29 Castle Age
20:32 Stone Mining
21:16 Gold Mining
21:20 Stone Mining
21:30 Fletching
22:53 Wheelbarrow
23:16 Bodkin Arrow
27:04 Imperial Age
25:17 Padded Archer Armor
25:32 Bow Saw
26:36 Town Watch
27:18 Heavy Plow
29:23 Leather Archer Armor
29:41 Masonry
30:32 Chemistry
33:09 Bloodlines
34:29 Ring Archer Armor
34:20 Conscription
35:08 Ballistics
35:13 Cavalier
37:30 Scale Barding Armor
Jack Tyler
9:08 Feudal Age
8:51 Loom
9:46 Gold Mining
9:42 Double-Bit Axe
15:50 Horse Collar
17:09 Wheelbarrow
20:59 Castle Age
27:29 Fletching
32:04 Heavy Plow
32:17 Bow Saw
32:27 Elite Skirmisher
36:02 Imperial Age
35:24 Padded Archer Armor
35:42 Bloodlines
35:47 Bodkin Arrow
38:04 Chemistry
37:35 Ballistics
Connection lost

Rejoining the realm…

Still unreachable

The connection could not be restored.

Session expired

The server has moved on; the page needs a fresh start.